 Dungeon Crawl Stone Soup version 0.22-a0-283-g1871b15 (webtiles) character file.

11522 mortelune the Destroyer (level 11, -2/69 HPs)
             Began as a Demonspawn Ice Elementalist on Mar 18, 2018.
             Was a Believer of Ashenzari.
             Slain by a shadow (17 damage)
             ... in a labyrinth on Mar 19, 2018.
             The game lasted 01:07:36 (18447 turns).

mortelune the Destroyer (DsIE)                     Turns: 18447, Time: 01:07:37

Health: -2/69      AC: 16    Str:  8    XL:     11   Next: 50%
Magic:  0/24       EV: 12    Int: 28    God:    Ashenzari [**....]
Gold:   311        SH:  4    Dex: 14    Spells: 15/29 levels left

rFire    + . .     SeeInvis .   I - +6 war axe of Efoar {freeze, rElec MR+ Int+8}
rCold    . . .     Gourm    .   (no shield)
rNeg     . . .     Faith    .   a - +0 robe
rPois    +         Spirit   +   u - +0 helmet (curse)
rElec    +         Reflect  .   J - +2 cloak
rCorr    .         Harm     .   A - +0 pair of gloves
MR       +....                  l - +0 pair of boots
Stlth    ++........             (no amulet)
HPRegen  0.21/turn              C - ring of poison resistance (curse)
MPRegen  0.38/turn              Q - ring of protection from fire

@: icy armour, slow
A: hooves 1, large bone plates 1, powered by death 1, magic shield, magic
regeneration
a: Curse Item, Scrying, Renounce Religion


You were in a labyrinth.
You worshipped Ashenzari.
Ashenzari was pleased with you.
You were not hungry.

You visited 1 branch of the dungeon, and saw 11 of its levels.
You also visited: Labyrinth and Bailey.

You collected 495 gold pieces.
You spent 184 gold pieces at shops.

Inventory:

Hand Weapons
 b - a +0 club
 f - a -2 mace
 t - a +2 whip of venom
 y - a +2 long sword of flaming
 I - the +6 war axe of Efoar (weapon) {freeze, rElec MR+ Int+8}
   (You found it on level 8 of the Dungeon)

   It has been specially enchanted to freeze those struck by it, causing extra
   injury to most foes and up to half again as much damage against particularly
   susceptible opponents.
   It can also slow down cold-blooded creatures.
   It affects your intelligence (+8).
   It insulates you from electricity.
   It affects your resistance to hostile enchantments.
Missiles
 L - 2 throwing nets (quivered)
Armour
 a - a +0 robe (worn)
 l - a +0 pair of boots (worn)
 m - a scarf of cloud immunity
 r - a +0 cloak
 u - a cursed +0 helmet (worn)
 A - a +0 pair of gloves (worn)
 J - a +2 cloak (worn)
Jewellery
 h - an uncursed ring of protection from magic
 C - a cursed ring of poison resistance (left hand)
 Q - a ring of protection from fire (right hand)
Wands
 g - a wand of paralysis (13)
 i - a wand of flame (30)
 N - a wand of iceblast (13)
Scrolls
 d - a scroll of enchant weapon
 n - 4 scrolls of magic mapping
 q - a scroll of amnesia
 s - 2 scrolls of immolation
 v - 2 scrolls of noise
 w - a scroll of fog
 B - 3 scrolls of enchant armour {unknown}
 F - 2 scrolls of fear {unknown}
 H - a scroll of random uselessness {unknown}
 K - a scroll of summoning {unknown}
 M - 3 scrolls of vulnerability {unknown}
Potions
 e - a potion of flight
 j - 4 potions of resistance
 o - a potion of curing
 p - 3 potions of brilliance
 x - a potion of might
 z - a potion of berserk rage
 D - a potion of degeneration
 E - 2 potions of agility
 G - 2 potions of ambrosia {unknown}
 O - 2 potions of cancellation {unknown}
 P - a potion of lignification {unknown}
 R - a potion of haste {unknown}
Comestibles
 c - 7 rations


   Skills:
 + Level 0.6 Fighting
 - Level 2.0 Dodging
 - Level 1.7 Stealth
 + Level 9.9 Spellcasting
 + Level 10.2 Conjurations
 - Level 3.1 Summonings
 + Level 10.1 Ice Magic


You had 15 spell levels left.
You knew the following spells:

 Your Spells              Type           Power        Failure   Level  Hunger
a - Freeze                Ice            ####         1%          1    None
b - Throw Frost           Conj/Ice       ######       1%          2    None
c - Ozocubu's Armour      Chrm/Ice       #####...     1%          3    None
d - Throw Icicle          Conj/Ice       ######..     1%          4    None
e - Summon Ice Beast      Ice/Summ       ######..     2%          4    None


Dungeon Overview and Level Annotations

Branches:
Dungeon (11/15)            Temple (0/1) D:5             Orc (0/2) D:10
   Lair: D:8-11

Altars:
Ashenzari
Cheibriados
Gozag
Makhleb
Nemelex Xobeh
Okawaru
Qazlal
Uskayaw
Xom

Shops:
D:7 **=:

Annotations:
D:3 ThereIsNoGod's ghost, weakling SpVM
D:4 Natasha
D:10 Gastronok


Innate Abilities, Weirdness & Mutations

You have large cloven feet.
You are partially covered in large bone plates. (SH +4)
You regenerate a little health from kills.
When hurt, damage is shared between your health and your magic reserves.
You regenerate magic rapidly.


Message History

Your ice beast hits the shadow.
Your ice beast freezes the shadow.
The shadow completely resists.
Your ice beast closely misses the shadow.
The shadow barely misses your ice beast.
Your ice beast hits the shadow but does no damage.
Your ice beast hits the shadow but does no damage.
The shadow hits your ice beast!
Your ice beast hits the shadow but does no damage.
Your ice beast hits the shadow but does no damage.
The shadow slips into darkness.
The shadow flickers and vanishes!
Deactivating autopickup; reactivate with Ctrl-A.
Your ice beast disappears in a puff of smoke!
The shadow strikes at your ice beast from the darkness!
Your ice beast dies!
Casting: Summon Ice Beast (safe; 2% risk of failure)
Confirm with . or Enter, or press ? or * to list all spells.
A chill wind blows around you.
The shadow strikes at you from the darkness!
You die...

, , , # *, *
###** # , , *
,,..#,# , * .
### ###. .#, * .
#รท...8 .#...* #
, . * #8 ..8 #
.# #* *. , ,
#..#..#. , * ,
*#8...8#.#######
*
#..8......{@Y.#
, ##
..########.# * #
. .,.. #. , *#.
##.#### * * . #
..# .. # ,, ***
# #..# * # * * ,
# ..#.,.#,# ,,,.
#. .#. .#,* * #
#.##. ?,# ..


You could see a friendly ice beast.

Vanquished Creatures
  A two-headed ogre (D:9)
  4 lindwurms (D:10)
  4 wyverns
  Eustachio (D:4)
  A hog (D:7)
  2 hungry ghosts
  12 orc warriors
  2 sky beasts
  3 ice beasts (D:10)
  6 ogres
  2 centaurs
  4 big kobolds
  4 bullfrogs
  A gnoll sergeant (D:9)
  A wyvern zombie (D:9)
  3 scorpions
  16 killer bees
  A wight (D:8)
  3 howler monkeys
  3 crimson imps
  A bullfrog zombie (D:5)
  A centaur zombie (D:5)
  A quasit (D:5)
  4 hounds
  A jelly (D:8)
  A centaur skeleton (D:8)
  4 orc priests
  Natasha (D:4)
  2 iguanas
  3 orc wizards (D:10)
  4 worker ants
  3 hound skeletons
  16 gnolls
  8 adders
  5 shadow imps
  2 oozes
  2 adder skeletons
  2 worms
  3 dart slugs
  6 leopard geckos
  47 orcs
  2 ball pythons
  5 giant cockroaches
  18 goblins
  21 hobgoblins
  17 jackals
  20 kobolds
  4 quokkas
  7 bats
  4 frilled lizards
  A leopard gecko skeleton (D:4)
  A quokka skeleton (D:4)
  7 rats
298 creatures vanquished.

Vanquished Creatures (collateral kills)
  2 two-headed ogres
  A hydra (D:9)
  A centaur warrior (D:10)
  A human (D:7)
  3 hogs (D:7)
  3 hungry ghosts (Lab)
  A sky beast (D:10)
  2 orc warriors (Bailey)
  An ice beast (D:9)
  A big kobold (D:10)
  A bullfrog (D:9)
  A wyvern skeleton (D:9)
  8 killer bees
  3 wights (D:8)
  3 orc wizards
  An orc priest (D:10)
  An iguana (D:9)
  5 gnolls
  A howler monkey skeleton (D:9)
  8 orcs
  6 hobgoblins (Bailey)
  4 goblins (Bailey)
  A kobold (D:10)
59 creatures vanquished.

Grand Total: 357 creatures vanquished

Notes
Turn   | Place    | Note
-------+----------+-------------------------------------------
     0 | D:1      | mortelune the Demonspawn Ice Elementalist began the quest for the Orb.
     0 | D:1      | Reached XP level 1. HP: 13/13 MP: 3/3
   402 | D:1      | Gained mutation: You are partially covered in large bone plates. (SH +4) [demonic ancestry]
   402 | D:1      | Reached XP level 2. HP: 19/19 MP: 0/5
   532 | D:1      | Learned a level 2 spell: Throw Frost
  1760 | D:1      | Gained mutation: When hurt, damage is shared between your health and your magic reserves. [demonic ancestry]
  1760 | D:1      | Reached XP level 3. HP: 24/24 MP: 0/6
  1977 | D:2      | Learned a level 3 spell: Ozocubu's Armour
  2859 | D:2      | Found an iron altar of Okawaru.
  2859 | D:2      | Found a burning altar of Makhleb.
  2860 | D:2      | Found a shattered altar of Ashenzari.
  2866 | D:2      | Became a worshipper of Ashenzari the Shackled
  4067 | D:3      | Gained mutation: You regenerate magic rapidly. [demonic ancestry]
  4067 | D:3      | Reached XP level 4. HP: 30/30 MP: 5/8
  4387 | D:3      | Noticed ThereIsNoGod's ghost (weakling SpVM)
  4393 | D:3      | Found a hide-covered altar of Uskayaw.
  4395 | D:3      | Noticed a dagger
  4395 | D:3      | Noticed a hand axe
  4940 | D:3      | Reached XP level 5. HP: 35/35 MP: 3/10
  4971 | D:3      | Learned a level 4 spell: Throw Icicle
  5187 | D:4      | Found a sparkling altar of Nemelex Xobeh.
  5321 | D:4      | Noticed an ogre
  5815 | D:4      | Found an opulent altar of Gozag.
  5950 | D:4      | Reached XP level 6. HP: 41/41 MP: 7/12
  5971 | D:4      | Found a snail-covered altar of Cheibriados.
  6047 | D:4      | Noticed Natasha
  6055 | D:4      | Killed Natasha
  6455 | D:5      | Entered Level 5 of the Dungeon
  6826 | D:5      | Reached XP level 7. HP: 35/46 MP: 3/13
  6833 | D:5      | Reached skill level 5 in Ice Magic
  7023 | D:5      | Found a staircase to the Ecumenical Temple.
  7310 | D:5      | Reached * piety under Ashenzari
  7531 | D:5      | Reached skill level 5 in Spellcasting
  7656 | D:4      | Noticed Eustachio
  7665 | D:4      | Killed Eustachio
  7808 | D:4      | Noticed Natasha
  7891 | D:6      | Learned a level 4 spell: Summon Ice Beast
  7902 | D:6      | Reached skill level 1 in Summonings
  7902 | D:6      | Reached XP level 8. HP: 52/52 MP: 2/16
  8143 | D:6      | Reached skill level 5 in Conjurations
  8235 | D:6      | Found a stormy altar of Qazlal.
  8345 | D:6      | Found a shimmering altar of Xom.
  8801 | D:7      | Found Enecusoe's Assorted Antiques.
  9127 | D:7      | Found a flagged portal.
  9156 | Bailey   | Entered a bailey
 10344 | D:7      | Gained mutation: You have large cloven feet. [demonic ancestry]
 10344 | D:7      | Reached XP level 9. HP: 57/57 MP: 11/18
 10370 | D:7      | Bought a potion of heal wounds for 115 gold pieces
 10370 | D:7      | Bought a scroll of remove curse for 69 gold pieces
 10375 | D:7      | Found Ugaptinu's Assorted Antiques.
 10736 | D:7      | Found a sparkling altar of Nemelex Xobeh.
 11399 | D:7      | Found Afabez's Jewellery Shoppe.
 11460 | D:7      | Found Imel's Book Boutique.
 11496 | D:7      | Reached ** piety under Ashenzari
 12094 | D:8      | Noticed a two-headed ogre
 12097 | D:8      | Identified Joumaur's Reference Book on Ashen Stolen Souls
 13091 | D:8      | Reached XP level 10. HP: 55/63 MP: 6/21
 13229 | D:8      | Got the war axe of Efoar {freeze, rElec MR+ Int+8}
 13230 | D:8      | Identified the +6 war axe of Efoar {freeze, rElec MR+ Int+8} (You found it on level 8 of the Dungeon)
 13888 | D:8      | Killed a two-headed ogre
 14859 | D:9      | Noticed a two-headed ogre
 14869 | D:9      | Killed a two-headed ogre
 15246 | D:9      | Noticed a five-headed hydra
 15363 | D:9      | Killed a five-headed hydra
 15569 | D:9      | Noticed a two-headed ogre
 15576 | D:9      | Killed a two-headed ogre
 15887 | D:10     | Entered Level 10 of the Dungeon
 16551 | D:10     | Noticed a centaur warrior
 16558 | D:10     | Killed a centaur warrior
 16558 | D:10     | Gained mutation: You regenerate a little health from kills. [demonic ancestry]
 16558 | D:10     | Reached XP level 11. HP: 28/68 MP: 2/24
 17307 | D:10     | Found a staircase to the Orcish Mines.
 17377 | D:10     | Noticed Gastronok
 17423 | D:10     | Noticed a lindwurm
 17431 | D:10     | Noticed a lindwurm
 17451 | D:10     | Noticed a lindwurm
 17500 | D:10     | Killed a lindwurm
 17752 | D:10     | Noticed a lindwurm
 17754 | D:10     | Killed a lindwurm
 17754 | D:10     | Reached skill level 10 in Conjurations
 17804 | D:10     | Killed a lindwurm
 17823 | D:10     | Killed a lindwurm
 17823 | D:10     | Reached skill level 10 in Ice Magic
 18070 | D:11     | Found a labyrinth entrance.
 18078 | Lab      | Entered a labyrinth
 18447 | Lab      | Slain by a shadow

Vault maps used:
D:1:      zelgadis_glass_arrival_small
D:2:      minitemple
D:3:      dancing_weapons_uskayaw
D:4:      lemuel_coloured_pillars_altar, marbit_many_paths, grunt_gozag_statues,
          first_ration, uniq_natasha, uniq_eustachio
D:5:      minmay_temple_entry_junction_2
D:6:      old_standard_altar, lemuel_tele_altar
D:7:      enter_bailey_2, serial_shops, shop, shop,
          nicolae_shop_overgrown_old_shop, shop, grunt_livestock,
          nemelex_xobeh_ov_fountains_minmay
D:8:      special_room, grunt_decor_resistance
D:10:     david_orc_4, minmay_lindwurm_lava, uniq_gastronok
D:11:     erik_lair_dragon, lab_entry_generic, enter_trove_0, st_stairs_9
Lab:      labyrinth_green, nicolae_lab_hexagon, labyrinth_skeletal_remains,
          nicolae_lab_starburst, nicolae_lab_big_swirl, nicolae_lab_swirl,
          labyrinth_fake_exit
Bailey:   bailey_axe_minmay_hex_keep, bailey

Skill      XL: |  1  2  3  4  5  6  7  8  9 10 11 |
---------------+----------------------------------+-----
Dodging        | 2 |  2.0
Ice Magic      | 3 4 5 6 8 9 10 | 10.1
Spellcasting   | 3 4 5 6 7 9 |  9.9
Conjurations   | 2 3 4 6 7 9 10 | 10.2
Summonings     | 1 3 |  3.1
Fighting       | |  0.6
Stealth        | |  1.7

Action                   |  1- 3 |  4- 6 |  7- 9 | 10-12 || total
-------------------------+-------+-------+-------+-------++-------
Melee: Mace              |     2 |     5 |       |       ||     7
       Whip              |       |    38 |    43 |       ||    81
       Long sword        |       |       |    28 |       ||    28
       War axe           |       |       |       |    50 ||    50
 Cast: Freeze            |    34 |    70 |   153 |    69 ||   326
       Throw Frost       |    49 |    43 |   139 |    73 ||   304
       Ozocubu's Armour  |       |     4 |     9 |     7 ||    20
       Throw Icicle      |       |     1 |    18 |    87 ||   106
       Summon Ice Beast  |       |       |    16 |    56 ||    72
Invok: Curse Item        |       |       |     3 |       ||     3
       Scrying           |       |       |       |     1 ||     1
  Use: Scroll            |     1 |     1 |    19 |     3 ||    24
       Potion            |       |       |     1 |     4 ||     5
  Eat: Chunk             |    12 |     7 |     8 |     6 ||    33
       Ration            |       |     1 |     5 |     4 ||    10
Armor: Robe              |     4 |    40 |    62 |    59 ||   165
Dodge: Dodged            |    12 |    83 |   174 |   119 ||   388
Block: Other             |     4 |    34 |    62 |    37 ||   137
       Rpst.: Long sword |       |       |    42 |       ||    42

Table legend:
 A = Spawn XP
 B = Non-spawn XP
 C = Spawn XP percentage of total XP
 D = Spawn monster count
 E = Non-spawn monster count
 F = Spawn count percentage of total count
 G = Total turns spent on level
                    A         B        C        D         E        F      G
               +---------+---------+-------+---------+---------+-------+---------
         Total |       0 |   16461 |   0.0 |       0 |     357 |   0.0 | 18447
               +---------+---------+-------+---------+---------+-------+---------
           D:1 |       0 |      43 |   0.0 |       0 |      22 |   0.0 |  1957
           D:2 |       0 |      23 |   0.0 |       0 |      14 |   0.0 |  1560
           D:3 |       0 |     259 |   0.0 |       0 |      26 |   0.0 |  2048
           D:4 |       0 |     506 |   0.0 |       0 |      30 |   0.0 |  1347
           D:5 |       0 |     571 |   0.0 |       0 |      19 |   0.0 |   971
           D:6 |       0 |     574 |   0.0 |       0 |      11 |   0.0 |  1684
           D:7 |       0 |    1782 |   0.0 |       0 |      29 |   0.0 |  1856
           D:8 |       0 |    2212 |   0.0 |       0 |      51 |   0.0 |  2261
           D:9 |       0 |    3322 |   0.0 |       0 |      38 |   0.0 |  1563
          D:10 |       0 |    6068 |   0.0 |       0 |      59 |   0.0 |  1913
           Lab |       0 |     372 |   0.0 |       0 |       4 |   0.0 |   369
        Bailey |       0 |     729 |   0.0 |       0 |      54 |   0.0 |   885
               +---------+---------+-------+---------+---------+-------+---------
